 Seeded DCSS version 0.31-a0-1301-g7e11add (webtiles) character file.

Game seed: 5174039148915690263 (custom seed)

1563 porkupine the Magician (level 8, -1/54 HPs)
             Began as an Octopode Cinder Acolyte on Dec 18, 2023.
             Was a High Priest of Ignis.
             Slain by a killer bee (4 damage)
             ... on level 7 of the Dungeon.
             The game lasted 00:19:18 (7087 turns).

porkupine the Magician (Octopode Cinder Acolyte)    Turns: 7087, Time: 00:19:18

Health: -1/54      AC:  1    Str: 22    XL:     8   Next: 89%
Magic:  15/15      EV: 12    Int: 18    God:    Ignis [*****.]
Gold:   415        SH:  0    Dex: 11    Spells: 0/16 levels left

rFire   + . .        l - +8 mace of Doom {freeze, rPois rC+ Str+2 Dex+4}
rCold   + . .        (no shield)
rNeg    . . .        (helmet restricted)
rPois   +            (no amulet)
rElec   .            a - +6 ring of strength
rCorr   .            w - ring of poison resistance
SInv    .            (no ring)
Will    .....        (no ring)
Stlth   ++           (no ring)
HPRegen 0.29/turn    (no ring)
MPRegen 0.14/turn    (no ring)
                     (no ring)

%: no passive effects
@: lethally poisoned (-1 -> -6)
A: almost no armour, amphibious, 8 rings, camouflage 1, gelatinous body 1,
(nimble swimmer 1), tentacles
a: Renounce Religion, Fiery Armour, Foxfire Swarm, Rising Flame


You were on level 7 of the Dungeon.
You worshipped Ignis.
Ignis was extremely pleased with you.
You visited 1 branch of the dungeon, and saw 7 of its levels.
You also visited: Sewer.

You collected 415 gold pieces.

Inventory:

Hand Weapons
 c - a +3 dagger of pain
 d - a +1 dagger of flaming
 f - a +2 hand axe of freezing
 l - the +8 mace of Doom (weapon) {freeze, rPois rC+ Str+2 Dex+4}
   (You found it on level 4 of the Dungeon)

   Str+2:     It affects your strength (+2).
   Dex+4:     It affects your dexterity (+4).
   rC+:       It protects you from cold.
   rPois:     It protects you from poison
 n - a +2 heavy broad axe
 r - a +0 dagger of venom
Missiles
 g - 18 poisoned darts
Magical Staves
 j - a staff of conjuration
Jewellery
 a - a +6 ring of strength (left tentacle)
 w - a ring of poison resistance (right tentacle)
Talismans
 i - a blade talisman
Wands
 u - a wand of flame (15)
Scrolls
 b - a scroll of blinking
 e - 6 scrolls of teleportation
 m - 2 scrolls of enchant armour
 v - a scroll of immolation
Potions
 h - 5 potions of curing
 k - a potion of berserk rage
 o - a potion of haste {unknown}
 p - 3 potions of magic
 q - a potion of heal wounds {unknown}
 s - a potion of resistance
 t - 2 potions of mutation


   Skills:
 + Level 4.8 Fighting
 - Level 3.0 Short Blades
 * Level 3.8 Maces & Flails
 - Level 3.2 Polearms
 * Level 1.0 Dodging
 * Level 4.9 Spellcasting
 + Level 4.6 Conjurations
 * Level 0.9 Summonings
 + Level 4.8 Fire Magic
 + Level 0.5 Ice Magic


You couldn't memorise any spells.
You knew the following spells:

 Your Spells              Type           Power      Damage    Failure   Level
a - Scorch                Fire           42%        2d6       2%          2
b - Flame Wave            Conj/Fire      21%        2d8       19%         4
c - Frozen Ramparts       Ice            12%        1d2       32%         3
d - Freeze                Ice            24%        1d4       11%         1
e - Summon Cactus Giant   Summ           3%         N/A       100%        6

Your spell library contained the following spells:

 Spells                   Type           Power      Damage    Failure   Level
 Hailstorm                Conj/Ice       13%        3d6       14%         3


Dungeon Overview and Level Annotations

Branches:
Dungeon (7/15)             Temple (0/1) D:4           Sewer (visited)

Altars:
Dithmenos
Uskayaw
Xom


Innate Abilities, Weirdness & Mutations

You cannot wear most types of armour.
You are amphibious.
You can wear up to eight rings at the same time.
Your skin changes colour to match your surroundings (Stealth+).
Your rubbery body absorbs attacks. (AC +1, EV +1)
((You are camouflaged when in or above water. (Stealth+)))
You have tentacles for arms and can constrict up to eight enemies at once.


Message History

A killer bee comes into view.
The centaur wields a +0 shortbow.
The centaur shoots an arrow.
The arrow hits you.
You hear an angry buzzing noise.
You hear a shout!
Found 18 gold pieces.
The centaur shoots an arrow.
The arrow hits you!
A killer bee comes into view.
The centaur shoots an arrow.
The arrow hits you!
The centaur shoots an arrow.
The arrow hits you!
A killer bee comes into view.
There is a stone staircase leading up here.
The gnoll is no longer more vulnerable to fire.
The killer bee stings you.
You climb upwards.
There is a stone staircase leading down here.
Magic restored.
HP restored.
Done exploring.
You climb downwards.
The killer bee buzzes angrily.
The killer bee barely misses you. The killer bee misses you.
The killer bee closely misses you. x2; The centaur shoots an arrow.
The arrow barely misses you.
The arrow misses the killer bee.
The killer bee stings you. The killer bee misses you.
The killer bee barely misses you. The gnoll hits you with a +0 whip.
The gnoll hits you with a +0 club!
The centaur shoots an arrow.
The arrow hits you. The killer bee closely misses you.
The killer bee stings you!
There is a stone staircase leading up, spattered with blood here.
The killer bee stings you!
* * * LOW HITPOINT WARNING * * *
You are poisoned.
The killer bee poisons you! The killer bee stings you.
* * * LOW HITPOINT WARNING * * *
The centaur shoots an arrow.
The arrow misses you.
The arrow hits the killer bee!
The killer bee misses you. The killer bee stings you!
* * * LOW HITPOINT WARNING * * *
The gnoll misses you. The gnoll hits you but does no damage.
The killer bee stings you.
You die...

......... ............
y.....$.>...
...........#####
...............####
..g....c...........
^.........ggy......
........gy.@......#
...........yy...$..
.#####............
#........>.##
#..##.######
#####..#.#
...........#
...#...###.# ########
..........####......##


You could see a centaur, 4 killer bees and 3 gnolls.

Vanquished Creatures
  Sigmund (D:3)
  Duvessa (D:4)
  2 ice beasts
  A black bear (D:4)
  2 kobold brigands (Sewer)
  2 scorpions
  Dowan (D:4)
  A jelly (D:6)
  2 hounds (D:5)
  2 iguanas
  2 sleepcaps (D:5)
  Natasha (thrice) (D:4)
  3 orc wizards
  A gnoll (D:4)
  14 adders
  10 river rats
  A shadow imp (D:5)
  4 worms
  9 orcs
  11 ball pythons
  4 endoplasms
  8 giant cockroaches
  5 goblins
  6 hobgoblins
  3 jackals (D:1)
  6 quokkas
  3 bats
  11 frilled lizards
  22 kobolds
  26 rats
167 creatures vanquished.

Notes
Turn   | Place    | Note
-------+----------+-------------------------------------------
     0 | D:1      | porkupine the Octopode Cinder Acolyte began the quest for
                  | the Orb.
     0 | D:1      | Reached XP level 1. HP: 16/16 MP: 2/2
    89 | D:1      | Reached XP level 2. HP: 21/21 MP: 3/3
   102 | D:1      | Learned a level 2 spell: Scorch
   392 | D:1      | Reached XP level 3. HP: 26/26 MP: 0/5
   796 | D:2      | Reached skill level 1 in Short Blades
  1283 | D:2      | Reached XP level 4. HP: 31/31 MP: 3/6
  1331 | D:2      | Learned a level 4 spell: Flame Wave
  2009 | D:3      | Noticed Sigmund
  2016 | D:3      | Killed Sigmund
  2017 | D:3      | Reached skill level 1 in Conjurations
  2017 | D:3      | Reached XP level 5. HP: 30/37 MP: 1/9
  2017 | D:3      | Reached XP level 6. HP: 35/43 MP: 1/10
  2355 | D:3      | Found a faded altar of an unknown god.
  2898 | D:4      | Found a hide-covered altar of Uskayaw.
  3014 | D:4      | Noticed Natasha
  3016 | D:4      | Killed Natasha
  3074 | D:4      | Noticed Natasha
  3079 | D:4      | Killed Natasha
  3272 | D:4      | Noticed Natasha
  3403 | D:4      | Found a shadowy altar of Dithmenos.
  3482 | D:4      | Noticed Duvessa
  3560 | D:4      | Identified the +8 mace of Doom {freeze, rPois rC+ Str+2
                  | Dex+4}
  3601 | D:4      | Noticed a black bear
  3607 | D:4      | Killed a black bear
  3608 | D:4      | Reached XP level 7. HP: 48/48 MP: 4/12
  3709 | D:4      | Reached skill level 1 in Maces & Flails
  3746 | D:4      | Found a staircase to the Ecumenical Temple.
  4020 | D:4      | Noticed Dowan
  4028 | D:4      | Killed Duvessa
  4033 | D:4      | Killed Dowan
  4158 | D:4      | Killed Natasha
  4477 | D:5      | Entered Level 5 of the Dungeon
  4907 | D:5      | Reached XP level 8. HP: 38/54 MP: 5/14
  5044 | D:5      | Found a glowing drain.
  5054 | Sewer    | Entered a sewer
  6168 | D:5      | Learned a level 3 spell: Frozen Ramparts
  6170 | D:5      | Learned a level 1 spell: Freeze
  6177 | D:5      | Learned a level 6 spell: Summon Cactus Giant
  6549 | D:6      | Reached skill level 1 in Dodging
  6641 | D:6      | Found a shimmering altar of Xom.
  7087 | D:7      | Slain by a killer bee

Illustrated notes

Levels and vault maps discovered:
D:1:      lightli_arrival_windingriver, layout_rooms
D:2:      layout_loops_corners, minmay_statues_item
D:3:      layout_basic, nicolae_ecumenical_lake_church, uniq_sigmund
D:4:      layout_basic, mainiacjoe_overflow_six_doors_small,
          nicolae_dithmenos_shadow_blocks, minmay_temple_entry_trees,
          minmay_misc_feat_tiny, dreamdust_wishing_well,
          nicolae_kite_square_tiling_tiny, sigmund_army, uniq_natasha,
          uniq_duvessa
D:5:      layout_rooms, gup_sewer_entry_bubbles, minmay_starry_boxes
D:6:      layout_cave_pools, xom_teletrap_fun,
          nicolae_concentric_dashed_squares_wild
D:7:      layout_rooms

Skill      XL: |  1  2  3  4  5  6  7  8 |
---------------+-------------------------+-----
Short Blades   | 1 2 3 |  3.0
Spellcasting   | 2 3 4 |  4.9
Conjurations   | 1 2 3 4 |  4.6
Fighting       | 4 |  4.8
Fire Magic     | 4 |  4.8
Maces & Flails | 2 3 |  3.8
Dodging        | 1 |  1.0
Polearms       | |  3.2
Summonings     | |  0.9
Ice Magic      | |  0.5

Action                     |  1- 3 |  4- 6 |  7- 9 || total
---------------------------+-------+-------+-------++-------
  Melee: Spear             |    38 |       |       ||    38
         Constrict         |    11 |     4 |    11 ||    26
         Tentacles         |     9 |     3 |     8 ||    20
         Dagger            |    26 |    21 |       ||    47
         Mace              |       |     1 |    73 ||    74
         Punch             |       |       |     2 ||     2
   Cast: Scorch            |    20 |    40 |    93 ||   153
    Use: Scroll            |     2 |     5 |     7 ||    14
         Potion            |       |     1 |     1 ||     2
   Stab: Sleeping          |     4 |     3 |     2 ||     9
 Armour: Skin              |    20 |    11 |    69 ||   100
  Dodge: Dodged            |    25 |     8 |    89 ||   122

Table legend: (Time is in decaauts)
 A = Elapsed time spent in this place.
 B = Non-inter-level travel time spent in this place.
 C = Inter-level travel time spent in this place.
 D = Time resting spent in this place.
 E = Time spent auto-exploring this place.
 F = Levels seen in this place.
 G = Mean time per level.
                   A        B        C        D        E       F      G
               +--------+--------+--------+--------+--------+-----+--------+
         Total |   7099 |   6915 |    184 |     73 |   5756 |   8 |  887.4 |
       Dungeon |   6290 |   6106 |    184 |     73 |   5150 |   7 |  898.6 |
         Sewer |    808 |    808 |      0 |      0 |    606 |   1 |  808.0 |
               +--------+--------+--------+--------+--------+-----+--------+

Top non-repeatable levels by time:
     D:4: 1599 daAuts
     D:3: 1089 daAuts
     D:2: 1082 daAuts
     D:5: 967 daAuts
   Sewer: 808 daAuts
     D:1: 778 daAuts
     D:6: 740 daAuts
     D:7: 33 daAuts
